Map: New Richmond

Players

BigDealHaVoC

  • Race: Terran Terran
  • League: Platinum
  • Spawn Location: 3:00

Kogane

  • Race: Terran Terran
  • Spawn Location: 11:00

MACELLAIO

  • Race: Zerg Zerg
  • Spawn Location: 12:00

Loken - Winner!

  • Race: Zerg Zerg
  • League: Platinum
  • Spawn Location: 6:00

Myran - Winner!

  • Race: Protoss Protoss
  • Spawn Location: 5:00

dallaskuken - Winner!

  • Race: Protoss Protoss
  • League: Platinum
  • Spawn Location: 7:00

VOD

Have the link to the VOD?

Description

Time

  • Played on: April 5, 2017, 4:07 p.m.
  • Length: 15:42
Show
View Real Time Build Order
Export as new Build Order

BigDealHaVoC Terran 

Build Orders:  

Get SALT Encoding   

  12  0:01  SCV  
  13  0:28  SCV  
  14  0:32  Supply Depot  
  14  0:41  SCV  
  15  0:45  Refinery  
  16  0:57  SCV  
  16  0:59  Barracks  
  16  1:08  Supply Depot  
  16  1:20  Engineering Bay  
  16  1:21  SCV  
  17  1:33  SCV  
  17  1:37  Refinery  
  18  2:00  Barracks Reactor  
  17  2:18  Marine, Supply Depot  
  18  2:23  Planetary Fortress  
  18  2:38  Supply Depot  
  18  2:51  Supply Depot  
  18  3:06  Marine  
  18  3:11  Factory  
  18  3:12  SCV  
  20  3:34  Marine  
  21  3:46  SCV  
  22  3:59  Factory Tech Lab  
  21  4:19  Command Center  
  21  4:35  SCV  
  22  5:07  Factory  
  22  5:10  Supply Depot  
  22  5:14  SCV  
  23  5:33  Siege Tank  
  26  5:46  Barracks Reactor  
  26  5:52  Orbital Command  
  26  6:00  Factory Reactor  
  26  6:05  Supply Depot  
  26  6:15  Cyclone  
  29  6:23  Supply Depot  
  29  6:26  Orbital Command  
  29  6:44  Cyclone  
  29  6:45  Cyclone  
  35  6:47  Barracks Tech Lab  
  35  6:49  SCV  
  35  6:52  SCV  
  37  7:01  SCV  
  37  7:07  Marauder  
  40  7:11  SCV  
  40  7:15  Cyclone  
  44  7:19  Cyclone  
  47  7:23  SCV  
  47  7:28  SCV  
  47  7:29  Marauder  
  51  7:35  SCV  
  52  7:45  Refinery  
  52  7:46  SCV  
  53  7:52  Cyclone  
  53  7:53  Cyclone  
  53  7:58  Marauder, SCV  
  62  8:11  Supply Depot  
  62  8:19  Armory  
  62  8:32  SCV, Supply Depot  
  62  8:33  Marauder  
  65  8:39  Terran Infantry Weapons Level 1  
  65  8:41  Concussive Shells  
  65  8:43  SCV  
  65  8:45  SCV  
  67  8:55  SCV  
  67  8:57  SCV  
  67  9:01  Refinery  
  67  9:02  Cyclone  
  72  9:08  SCV  
  72  9:09  SCV  
  74  9:12  Supply Depot  
  74  9:14  Widow Mine  
  76  9:20  SCV  
  76  9:21  SCV  
  78  9:29  Terran Vehicle Weapons Level 1  
  78  9:34  Cyclone, SCV x2  
  78  9:35  Supply Depot  
  83  9:46  SCV x2  
  85  9:58  SCV x2  
  87  10:10  SCV  
  88  10:18  Cyclone  
  88  10:19  Cyclone  
  94  10:24  Supply Depot  
  94  10:25  Supply Depot  
  94  10:26  Supply Depot  
  94  10:45  Marauder, Cyclone  
  99  10:50  Cyclone  
  99  10:51  Cyclone  
  99  10:56  SCV  
  99  10:57  SCV  
  107  10:58  Command Center  
  107  11:01  Supply Depot  
  107  11:02  Supply Depot  
  105  11:17  Barracks  
  105  11:18  Barracks  
  105  11:19  Barracks  
  105  11:29  Supply Depot  
  105  11:33  Thor  
  105  11:35  Cyclone x2  
  105  11:38  Terran Vehicle Weapons Level 2  
  111  12:03  Missile Turret  
  111  12:05  Missile Turret  
  111  12:07  Missile Turret  
  111  12:15  Orbital Command  
  111  12:16  SCV x2  
  111  12:20  Thor  
  119  12:27  Missile Turret  
  119  12:33  Terran Infantry Weapons Level 2  
  119  12:40  Orbital Command  
  119  12:48  Stimpack  
  119  12:53  Missile Turret  
  119  12:54  Missile Turret  
  119  12:56  Barracks Tech Lab x3  
  121  12:58  Marauder  
  109  13:25  Marauder x4  
  95  13:36  Orbital Command  
  83  13:49  Thor  
  89  14:08  SCV x2  
  91  14:10  SCV  
  92  14:20  SCV x2  
  92  14:22  SCV  
  92  14:23  Marauder x3  
  103  14:24  Marauder  
  103  14:26  Cyclone x2  
  109  14:32  SCV x2  
  109  14:34  Refinery  
  109  14:36  Refinery  
  111  14:51  Marauder x2  
  111  14:52  Marauder x2  
  119  14:56  Thor  
  119  14:59  Cyclone x2  
Show
View Real Time Build Order
Export as new Build Order

Kogane Terran 

Build Orders:  

Get SALT Encoding   

  12  0:04  SCV  
  13  0:16  SCV  
  15  0:28  SCV  
  15  0:44  Refinery  
  15  0:46  Supply Depot  
  15  0:48  Refinery  
  15  1:08  SCV  
  16  1:20  Barracks, SCV  
  17  1:32  SCV  
  18  1:44  SCV  
  19  1:56  SCV  
  20  2:07  Factory  
  20  2:08  SCV  
  20  2:11  Factory  
  21  2:17  Barracks Tech Lab  
  21  2:20  SCV  
  21  2:21  Supply Depot  
  22  2:59  Factory Tech Lab  
  22  3:01  Siege Tank  
  25  3:05  Starport  
  25  3:18  Siege Tank  
  28  3:36  Siege Tank  
  31  3:45  Starport Reactor  
  31  3:51  Supply Depot  
  31  4:12  Siege Tank  
  31  4:14  Supply Depot  
  34  4:25  Orbital Command  
  34  4:51  Siege Tank x2  
  40  5:14  Viking  
  40  5:15  Viking  
  44  5:40  Cyclone  
  35  6:15  Cyclone  
  35  6:16  Cyclone  
  41  6:28  Barracks  
  41  6:32  Command Center  
  38  7:00  Medivac x2  
  39  7:07  Barracks  
  39  7:12  Barracks  
  39  7:20  SCV  
  40  7:33  SCV  
  41  7:37  Cyclone x2  
  47  7:45  SCV  
  47  7:47  Refinery  
  48  7:51  Engineering Bay  
  48  7:52  SCV, Barracks Tech Lab  
  48  7:57  SCV  
  50  8:01  Barracks Reactor  
  50  8:04  SCV  
  50  8:05  Barracks Reactor  
  51  8:09  Barracks Reactor, SCV  
  52  8:16  SCV  
  53  8:20  Terran Infantry Weapons Level 1, Engineering Bay  
  53  8:21  SCV  
  54  8:27  Refinery  
  54  8:28  SCV  
  54  8:33  SCV  
  56  8:35  Marauder  
  56  8:38  Stimpack  
  56  8:40  SCV  
  59  8:45  SCV  
  60  8:52  SCV  
  61  8:57  SCV  
  61  9:01  Terran Infantry Armor Level 1  
  62  9:04  SCV  
  62  9:08  Supply Depot  
  63  9:16  SCV  
  64  9:21  Marauder  
  64  9:22  Command Center  
  66  9:28  SCV  
  66  9:29  Marine x2  
  66  9:30  Marine x3  
  72  9:31  Marine  
  73  9:43  Marauder  
  75  10:03  Viking  
  77  10:10  Marauder, Viking  
  77  10:11  Marine  
  77  10:12  Marine x4  
  86  10:26  Marine, Supply Depot  
  85  10:29  Marine  
  85  10:30  Marine x2  
  85  10:31  Armory  
  85  10:34  Marine  
  85  10:35  Marine  
  86  10:37  Marine  
  86  10:47  Marine x3  
  89  11:01  Viking x2  
  90  11:27  Marine x4  
  94  11:35  Marine x3  
  94  11:38  Medivac  
  94  11:39  Medivac  
  101  11:42  Supply Depot  
  101  11:44  Marine  
  102  12:00  Supply Depot  
  102  12:03  Marine x7  
  102  12:06  Supply Depot  
  102  12:07  SCV  
  110  12:12  SCV  
  111  12:20  SCV  
  111  12:21  Marine x7  
  119  12:24  SCV  
  119  12:25  Supply Depot  
  119  12:29  Terran Infantry Weapons Level 2  
  120  12:30  Supply Depot  
  120  12:32  SCV  
  120  12:34  Combat Shields  
  120  12:36  SCV  
  122  12:39  Marine x3  
  122  12:44  Refinery, SCV  
  126  12:45  Planetary Fortress  
  126  12:48  SCV  
  127  12:56  SCV  
  128  13:00  SCV  
  128  13:01  Marine  
  128  13:02  Marine x6  
  136  13:19  Marine  
  137  13:20  Marine  
Show
View Real Time Build Order
Export as new Build Order

MACELLAIO Zerg 

Build Orders: Hatch First, Swarm Host 

Get SALT Encoding   

  12  0:01  Drone  
  13  0:08  Drone  
  14  0:39  Hatchery  
  14  0:40  Drone  
  14  0:53  Spawning Pool  
  13  0:57  Drone  
  14  1:05  Overlord  
  14  1:18  Extractor  
  13  1:19  Drone  
  13  1:23  Drone x2  
  16  1:34  Drone  
  17  1:41  Drone  
  18  1:49  Queen  
  18  1:52  Queen  
  22  2:05  Drone x4  
  26  2:19  Roach Warren  
  26  2:21  Drone  
  26  2:24  Drone  
  27  2:33  Lair  
  27  2:40  Drone  
  28  2:49  Overlord  
  28  2:50  Extractor  
  27  3:16  Drone  
  27  3:18  Overlord, Drone  
  29  3:24  Roach x2  
  29  3:25  Roach  
  35  3:27  Overlord  
  35  3:33  Glial Reconstitution  
  35  3:38  Extractor, Drone  
  35  3:39  Drone x4  
  39  3:54  Roach x2  
  39  3:55  Roach x2  
  47  4:00  Roach  
  47  4:01  Roach  
  51  4:52  Overlord x2  
  51  4:53  Overlord  
  51  4:57  Spore Crawler  
  50  5:02  Evolution Chamber x2  
  48  5:26  Roach x5  
  48  5:27  Roach x5  
  69  5:28  Drone  
  69  5:34  Zerg Missile Weapons Level 1  
  69  5:35  Zerg Ground Armor Level 1  
  55  6:15  Roach x2  
  55  6:16  Roach x5  
  65  6:36  Drone  
  65  6:37  Drone x5  
  71  6:43  Extractor  
  70  7:01  Hatchery  
  69  7:11  Drone x3  
  69  7:12  Drone x4  
  69  7:13  Infestation Pit, Drone  
  76  7:16  Overlord x2  
  76  7:34  Spore Crawler  
  75  7:37  Spore Crawler  
  74  8:06  Zerg Missile Weapons Level 2  
  74  8:07  Zerg Ground Armor Level 2  
  74  8:12  Swarm Host x3, Hydralisk Den  
  79  8:13  Swarm Host  
  94  8:22  Drone x4  
  98  8:33  Overlord x2  
  98  8:51  Spore Crawler, Drone  
  98  8:52  Spore Crawler, Drone x6  
  98  8:53  Drone  
  104  8:57  Burrow  
  104  9:00  Pneumatized Carapace  
  82  10:06  Swarm Host  
  67  10:08  Roach x4  
  67  10:09  Roach x6  
  67  10:10  Roach x3  
  89  11:00  Drone  
  89  11:01  Drone x2  
  89  11:03  Extractor x2  
  90  11:05  Spine Crawler  
  90  11:08  Spine Crawler, Swarm Host x2  
  106  11:29  Swarm Host  
  106  11:31  Overlord x2  
  112  11:35  Overlord x2  
  112  11:39  Hive  
  110  12:56  Hydralisk x4  
  110  12:57  Hydralisk x6  
  110  12:58  Hydralisk  
  132  13:01  Muscular Augments  
  132  13:05  Queen  
  132  13:09  Spore Crawler  
  132  13:11  Spore Crawler  
  132  13:12  Spore Crawler  
  131  13:33  Roach x4  
  123  14:06  Overseer  
  123  14:07  Overseer  
  42  14:58  Spine Crawler  
  38  15:00  Spine Crawler x2  
  38  15:01  Spine Crawler  
  38  15:02  Spore Crawler  
  38  15:05  Spore Crawler, Spine Crawler  
Show
View Real Time Build Order
Export as new Build Order

Loken Zerg - Winner!

Build Orders: Pool First 

Get SALT Encoding   

  12  0:01  Drone  
  13  0:09  Drone  
  14  0:18  Overlord  
  14  0:37  Drone x3  
  17  0:45  Spawning Pool  
  17  0:49  Drone  
  17  0:59  Drone  
  18  1:15  Hatchery  
  17  1:22  Overlord  
  17  1:23  Drone  
  18  1:26  Extractor  
  17  1:34  Queen  
  19  1:43  Drone x2  
  21  1:53  Zergling x2  
  22  2:16  Zergling x4  
  22  2:22  Roach Warren  
  23  2:26  Drone  
  23  2:28  Queen  
  23  2:29  Drone  
  27  2:51  Zergling x2  
  27  2:52  Zergling x10  
  27  2:54  Metabolic Boost  
  33  3:10  Queen  
  35  3:14  Overlord  
  35  3:17  Overlord  
  35  3:32  Queen  
  37  3:36  Drone  
  37  3:37  Drone x5  
  37  3:39  Drone  
  39  4:31  Extractor  
  39  4:33  Drone x6  
  39  4:34  Extractor, Drone x3  
  46  4:39  Extractor  
  46  4:41  Lair  
  45  5:09  Zergling x2  
  45  5:10  Zergling x12  
  45  5:12  Overlord  
  45  5:13  Overlord x4  
  51  5:23  Evolution Chamber  
  51  5:24  Evolution Chamber  
  51  5:25  Zergling x2  
  51  5:26  Zergling x2  
  51  5:34  Zergling x2  
  51  5:35  Zergling x4  
  52  5:45  Zergling x2  
  52  5:46  Zergling x2  
  39  6:17  Zergling x20  
  39  6:18  Zergling x4  
  51  6:32  Zergling x2  
  48  6:33  Zergling x2  
  46  6:45  Infestation Pit  
  46  6:46  Zerg Melee Weapons Level 1  
  43  6:47  Zerg Ground Armor Level 1  
  37  6:58  Drone  
  37  6:59  Drone x6  
  44  7:06  Hatchery  
  43  7:11  Hatchery  
  42  7:28  Spire  
  41  7:45  Drone x10  
  41  7:46  Drone x4  
  55  8:00  Hive  
  55  8:08  Overlord  
  55  8:25  Drone x6  
  55  8:26  Drone x3  
  64  8:42  Hatchery  
  63  9:06  Zerg Melee Weapons Level 2  
  63  9:07  Zerg Ground Armor Level 2  
  63  9:12  Adrenal Glands  
  63  9:19  Drone  
  63  9:20  Drone x10  
  74  9:34  Extractor  
  73  9:40  Extractor  
  58  9:53  Drone x10  
  58  9:54  Drone x8  
  64  10:14  Queen  
  64  10:16  Queen  
  68  10:36  Mutalisk  
  68  10:37  Mutalisk x8  
  86  10:51  Mutalisk x5  
  86  10:52  Mutalisk  
  98  11:03  Mutalisk x4  
  106  11:28  Overlord  
  106  11:29  Overlord x6  
  106  12:09  Zergling x2  
  106  12:10  Zergling x40  
  106  12:11  Zergling x18  
  136  12:16  Zerg Melee Weapons Level 3, Zerg Ground Armor Level 3  
  91  13:02  Mutalisk  
  91  13:03  Mutalisk x10  
  113  13:22  Zergling x12  
  113  13:23  Zergling x42  
  120  14:43  Zergling x2  
  120  14:44  Zergling x20  
  120  14:45  Zergling x18  
  138  15:20  Zergling x2  
  138  15:21  Zergling x22  
Show
View Real Time Build Order
Export as new Build Order

Myran Protoss - Winner!

Build Orders:  

Get SALT Encoding   

  12  0:02  Probe (Chrono Boost)  
  13  0:12  Probe (Chrono Boost)  
  14  0:20  Pylon  
  14  0:25  Probe (Chrono Boost)  
  15  0:38  Probe (Chrono Boost)  
  16  0:44  Forge  
  16  1:04  Pylon  
  16  1:08  Probe (Chrono Boost)  
  18  1:18  Probe (Chrono Boost)  
  18  1:24  Photon Cannon  
  18  1:33  Photon Cannon  
  18  1:44  Probe (Chrono Boost)  
  19  1:55  Nexus  
  19  2:29  Pylon  
  19  2:33  Probe (Chrono Boost)  
  20  2:39  Gateway  
  20  2:43  Probe (Chrono Boost)  
  21  2:51  Photon Cannon  
  21  2:57  Probe (Chrono Boost)  
  22  3:07  Gateway  
  22  3:08  Probe (Chrono Boost)  
  22  3:10  Probe (Chrono Boost)  
  24  3:18  Probe (Chrono Boost), Photon Cannon  
  25  3:21  Probe (Chrono Boost)  
  25  3:23  Photon Cannon  
  25  3:31  Probe x2 (Chrono Boost)  
  25  3:32  Zealot  
  29  3:39  Cybernetics Core  
  29  3:43  Probe (Chrono Boost)  
  29  3:44  Assimilator  
  30  3:49  Assimilator  
  30  3:53  Probe (Chrono Boost)  
  31  4:05  Probe (Chrono Boost)  
  31  4:07  Zealot x2  
  36  4:15  Warp Gate  
  36  4:16  Probe (Chrono Boost)  
  37  4:19  Probe (Chrono Boost)  
  37  4:23  Pylon  
  38  4:25  Assimilator  
  38  4:27  Probe (Chrono Boost)  
  38  4:29  Probe (Chrono Boost)  
  38  4:30  Assimilator  
  40  4:36  Stalker  
  43  4:39  Probe (Chrono Boost)  
  43  4:40  Probe (Chrono Boost)  
  43  4:44  Stalker  
  46  4:51  Probe (Chrono Boost)  
  47  5:03  Probe (Chrono Boost)  
  47  5:06  Stalker  
  50  5:14  Zealot  
  53  5:15  Probe (Chrono Boost)  
  53  5:36  Gateway  
  53  5:38  Pylon  
  53  5:41  Pylon  
  53  5:44  Pylon  
  53  5:48  Pylon  
  53  5:52  Twilight Council  
  53  5:56  Stalker  
  43  6:12  Probe (Chrono Boost)  
  44  6:23  Probe (Chrono Boost)  
  44  6:31  Stalker  
  45  6:36  Stalker  
  45  6:37  Stalker  
  49  6:52  Probe (Chrono Boost)  
  50  7:03  Probe (Chrono Boost)  
  50  7:07  Nexus  
  51  7:09  Robotics Facility, Pylon x2  
  51  7:10  Robotics Facility  
  51  7:15  Pylon  
  51  7:16  Charge  
  51  7:18  Zealot x2  
  51  7:19  Pylon, Zealot  
  57  7:23  Probe (Chrono Boost)  
  57  7:26  Protoss Ground Weapons Level 1  
  57  7:28  Probe (Chrono Boost)  
  59  7:33  Probe (Chrono Boost)  
  60  7:38  Probe (Chrono Boost)  
  60  7:39  Photon Cannon  
  60  7:43  Photon Cannon  
  62  7:44  Probe (Chrono Boost)  
  62  7:49  Probe (Chrono Boost)  
  63  7:53  Zealot x2  
  63  7:54  Zealot  
  63  7:55  Probe (Chrono Boost)  
  63  7:58  Observer, Immortal  
  75  7:59  Probe (Chrono Boost)  
  76  8:07  Gateway  
  76  8:10  Probe (Chrono Boost)  
  77  8:19  Immortal  
  81  8:30  Assimilator  
  81  8:31  Assimilator  
  81  8:34  Pylon  
  81  8:36  Stalker  
  81  8:37  Stalker x2  
  87  8:42  Immortal  
  91  8:53  Robotics Bay  
  91  8:56  Probe (Chrono Boost)  
  91  8:58  Immortal  
  96  9:05  Stalker x2  
  96  9:06  Zealot  
  102  9:13  Probe (Chrono Boost)  
  103  9:20  Protoss Ground Armor Level 1  
  103  9:23  Probe (Chrono Boost)  
  105  9:24  Probe (Chrono Boost)  
  105  9:26  Probe (Chrono Boost)  
  105  9:28  Immortal  
  110  9:34  Probe x2 (Chrono Boost), Stalker x2  
  110  9:35  Zealot  
  110  9:38  Immortal, Zealot  
  124  9:44  Probe (Chrono Boost)  
  125  9:55  Probe (Chrono Boost)  
  114  10:31  Pylon  
  114  10:33  Pylon  
  114  10:36  Pylon  
  114  10:38  Pylon  
  114  10:46  Blink  
  114  10:54  Immortal  
  114  10:57  Observer  
  117  11:14  Protoss Ground Weapons Level 2  
  117  11:18  Immortal  
  121  11:30  Observer Gravitic Boosters  
  121  11:31  Nexus  
  121  11:45  Pylon  
  121  11:49  Stalker x2  
  125  12:04  Pylon  
  125  12:08  Pylon  
  125  12:13  Colossus  
  125  12:14  Pylon  
  131  12:20  Pylon  
  131  12:21  Colossus  
  137  12:25  Pylon  
  137  13:06  Colossus  
  133  13:15  Colossus  
  133  13:19  Protoss Shields Level 1  
  93  13:40  Probe (Chrono Boost)  
  74  13:49  Zealot x3  
  74  13:50  Zealot  
  74  13:51  Probe (Chrono Boost)  
  83  13:59  Extended Thermal Lance  
  83  14:00  Colossus  
  83  14:01  Probe (Chrono Boost)  
  90  14:09  Immortal  
  94  14:12  Probe (Chrono Boost)  
  94  14:15  Zealot  
  94  14:16  Zealot x3  
  103  14:48  Immortal  
  103  14:54  Immortal  
  106  15:04  Zealot x2  
  106  15:05  Zealot x2  
Show
View Real Time Build Order
Export as new Build Order

dallaskuken Protoss - Winner!

Build Orders:  

Get SALT Encoding   

  12  0:01  Probe (Chrono Boost)  
  13  0:12  Probe (Chrono Boost)  
  14  0:19  Pylon  
  14  0:22  Probe (Chrono Boost)  
  15  0:37  Probe (Chrono Boost)  
  16  0:42  Gateway  
  16  0:48  Probe (Chrono Boost)  
  17  0:58  Probe (Chrono Boost)  
  17  1:03  Forge  
  18  1:07  Pylon  
  18  1:10  Probe (Chrono Boost)  
  19  1:15  Assimilator  
  19  1:23  Assimilator  
  19  1:28  Probe (Chrono Boost)  
  20  1:32  Cybernetics Core  
  20  1:37  Pylon  
  20  1:45  Probe (Chrono Boost)  
  21  1:52  Zealot  
  23  1:56  Probe (Chrono Boost)  
  24  2:06  Probe (Chrono Boost)  
  25  2:09  Warp Gate  
  25  2:17  Probe (Chrono Boost)  
  25  2:21  Stalker  
  28  2:28  Mothership Core (Chrono Boost)  
  30  2:46  Nexus  
  30  2:52  Pylon  
  30  2:56  Probe (Chrono Boost)  
  31  3:01  Sentry  
  33  3:06  Probe (Chrono Boost)  
  34  3:17  Probe (Chrono Boost)  
  35  3:27  Probe (Chrono Boost)  
  35  3:32  Gateway  
  36  3:35  Gateway  
  36  3:38  Probe (Chrono Boost)  
  36  3:39  Gateway  
  38  3:48  Probe (Chrono Boost)  
  38  3:58  Probe (Chrono Boost)  
  38  4:01  Assimilator  
  39  4:06  Assimilator  
  39  4:08  Probe (Chrono Boost)  
  40  4:19  Probe (Chrono Boost)  
  41  4:29  Probe (Chrono Boost)  
  42  4:36  Stalker x2  
  42  4:37  Stalker x2  
  50  4:40  Probe (Chrono Boost)  
  51  4:48  Probe (Chrono Boost)  
  51  4:50  Probe (Chrono Boost)  
  53  4:54  Pylon  
  53  4:58  Probe (Chrono Boost)  
  54  5:01  Probe (Chrono Boost)  
  55  5:08  Robotics Facility  
  55  5:09  Probe (Chrono Boost)  
  55  5:11  Probe (Chrono Boost)  
  55  5:12  Stalker x2  
  61  5:18  Stalker  
  61  5:19  Probe (Chrono Boost)  
  64  5:22  Probe (Chrono Boost)  
  64  5:26  Pylon  
  64  5:27  Pylon  
  65  5:32  Probe (Chrono Boost), Pylon  
  66  5:36  Zealot  
  68  6:15  Stalker x4  
  68  6:17  Immortal  
  80  6:25  Pylon  
  80  6:27  Pylon  
  80  6:29  Pylon  
  80  6:30  Pylon  
  80  6:40  Stalker x3  
  80  6:41  Stalker  
  80  6:46  Pylon  
  88  6:47  Pylon  
  88  6:50  Robotics Bay  
  88  6:52  Pylon  
  88  7:01  Immortal  
  92  7:11  Nexus  
  92  7:14  Pylon  
  92  7:15  Protoss Ground Weapons Level 1  
  92  7:16  Pylon  
  92  7:35  Extended Thermal Lance  
  92  7:42  Colossus  
  99  8:05  Probe (Chrono Boost)  
  99  8:10  Probe (Chrono Boost)  
  100  8:17  Probe (Chrono Boost)  
  101  8:22  Probe (Chrono Boost)  
  102  8:30  Probe (Chrono Boost)  
  104  8:34  Probe (Chrono Boost)  
  104  8:35  Gateway  
  104  8:36  Gateway  
  104  8:37  Gateway, Observer  
  104  8:39  Gateway, Assimilator  
  104  8:41  Assimilator  
  106  8:42  Probe (Chrono Boost), Sentry x3  
  106  8:44  Gateway  
  106  8:46  Probe (Chrono Boost)  
  113  8:53  Photon Cannon  
  113  8:54  Probe (Chrono Boost)  
  113  8:55  Photon Cannon  
  114  8:58  Photon Cannon  
  114  8:59  Photon Cannon  
  114  9:01  Warp Prism  
  116  9:15  Protoss Ground Armor Level 1  
  116  9:36  Colossus  
  116  9:37  Twilight Council  
  122  9:38  Probe (Chrono Boost)  
  123  9:49  Probe (Chrono Boost)  
  118  10:30  Colossus  
  92  10:54  Stalker x5  
  92  10:55  Stalker x2  
  100  11:12  Zealot  
  100  11:13  Protoss Ground Weapons Level 2  
  100  11:17  Zealot x6  
  100  11:18  Zealot  
  102  11:27  Colossus  
  102  11:52  Dark Shrine  
  102  11:53  Stalker x4  
  110  11:54  Stalker x4  
  118  12:32  Robotics Bay  
  118  12:41  Pylon  
  118  12:42  Pylon  
  118  12:45  Pylon  
  118  12:57  Sentry x4  
  126  12:59  Nexus  
  126  13:08  Dark Templar x4  
Tags
 
Add a new tag
Caveats
  • Supply blocks, unpowered buildings, or Contaminate may cause inaccurate times.
  • Supply counts are checked every 10 seconds.